AoeStats
← AiM | CyclopsTron

Hideout

503700497Analyzed
4v4 RM · 1mo ago on Sep 1, 2026· 24m 27s· 8 players
Game mode
Random Map
Map size
Large (8 player)
Population
200
Speed
Normal
Resources
Standard
Victory
Conquest
Starting age
Dark Age
Ending age
Imperial Age
RankedLock teamsTeams togetherTeam positionsShared explorationLock speedFull tech treeHidden civsTurbo modeCheats
Victory
Defeat
🇲🇽 Saracens · Mexico
1628
+7
🇦🇷 Ethiopians · Argentina
1556
+10
🇨🇱 Jurchens · Chile
1510
+12
🇦🇷 Persians · Argentina
1465
+14
🇩🇪 Dravidians · Germany
1495
-14
🇭🇰 Armenians · Hong Kong SAR China
1441
-12
🇲🇽 Mongols · Mexico
1390
-10
🇧🇷 Persians · Brazil
1353
-8
What's your ETA?
7:36 Loom
11:12 Feudal Age
12:51 Double-Bit Axe
14:35 Fletching
19:38 Wheelbarrow
23:36 Castle Age
Cronik
7:37 Loom
9:57 Feudal Age
13:59 Double-Bit Axe
14:19 Fletching
19:55 Castle Age
18:40 Padded Archer Armor
20:50 Crossbowman
21:42 Bodkin Arrow
luizcspinha
10:57 Feudal Age
14:41 Castle Age
12:59 Double-Bit Axe
12:56 Horse Collar
16:11 Bow Saw
17:29 Gold Mining
23:05 Loom
King Spartacus
3:07 Loom
11:09 Feudal Age
11:57 Feudal Age
15:37 Castle Age
13:56 Double-Bit Axe
13:53 Horse Collar
15:30 Scale Barding Armor
18:05 Forging
20:08 Bow Saw
23:49 Chain Barding Armor
AiM | CyclopsTron
6:44 Loom
8:58 Feudal Age
11:09 Double-Bit Axe
11:34 Fletching
18:10 Wheelbarrow
18:28 Horse Collar
21:50 Castle Age
20:18 Gold Mining
22:27 Bodkin Arrow
21:53 Crossbowman
22:53 Town Watch
24:06 Padded Archer Armor
TheHydra
5:39 Loom
8:34 Feudal Age
9:37 Double-Bit Axe
9:33 Horse Collar
14:53 Town Watch
15:24 Forging
16:29 Wheelbarrow
20:15 Castle Age
18:35 Gold Mining
19:32 Bloodlines
19:29 Scale Barding Armor
21:29 Chain Barding Armor
21:33 Husbandry
GABO
8:34 Feudal Age
11:30 Fletching
15:56 Padded Archer Armor
24:41 Castle Age
AiM | Shuffle
8:38 Feudal Age
9:22 Double-Bit Axe
10:20 Horse Collar
14:53 Forging
18:55 Castle Age
17:26 Gold Mining
18:02 Bloodlines
18:24 Scale Barding Armor
19:02 Light Cavalry
20:39 Iron Casting
20:32 Chain Barding Armor
20:33 Husbandry
23:29 Bow Saw
Connection lost

Rejoining the realm…

Still unreachable

The connection could not be restored.

Session expired

The server has moved on; the page needs a fresh start.